 Dungeon Crawl Stone Soup version 0.26-a0-812-g31a745ddcd (webtiles) character file.

Game seed: 4685456589820442763

188652 MalarOregon the Scorcher (level 17, -1/156 HPs)
             Began as a Red Draconian Artificer on Nov 20, 2020.
             Was the Champion of Yredelemnul.
             Killed from afar by Nikola (21 damage)
             ... with a chain lightning
             ... on level 1 of the Swamp on Nov 21, 2020.
             The game lasted 01:46:22 (35797 turns).

MalarOregon the Scorcher (Red Draconian Artificer) Turns: 35797, Time: 01:46:22

Health: -1/156     AC: 18    Str: 23    XL:     17   Next: 48%
Magic:  5/26       EV: 17    Int: 14    God:    Yredelemnul [******]
Gold:   160        SH: 16    Dex: 15    Spells: 13/28 levels left

rFire    + + .     SeeInvis .   A - +10 war axe of Moral Flaws {venom, rF++ Str+3}
rCold    + . .     Faith    .   b - +0 tower shield
rNeg     + . .     Spirit   .   (armour unavailable)
rPois    .         Reflect  .   T - +2 hat {MR+}
rElec    .         Harm     .   h - +2 cloak
rCorr    .         Rampage  .   f - +2 pair of gloves
MR       +++..                  J - +0 pair of boots of the Sturgeon {MR+ Str+4 Slay+5}
Stlth    ++........             e - amulet of regeneration
HPRegen  0.76/turn              w - ring of positive energy
MPRegen  0.20/turn              V - ring of ice

@: short of breath
A: breathe fire, unfitting armour, fire resistance 1, cold-blooded, AC +9
}: 1/15 runes: serpentine
a: Breathe Fire, Recall Undead Slaves, Injury Mirror, Animate Dead, Drain Life,
Enslave Soul, Renounce Religion


You were on level 1 of the Swamp.
You worshipped Yredelemnul.
Yredelemnul was exalted by your worship.
You visited 6 branches of the dungeon, and saw 28 of its levels.
You also visited: Sewer and Volcano.

You collected 4068 gold pieces.
You spent 3908 gold pieces at shops.

Inventory:

Hand Weapons
 A - the +10 war axe of Moral Flaws (weapon) {venom, rF++ Str+3}
   (You found it on level 8 of the Dungeon)

   It poisons the flesh of those it strikes.
   It affects your strength (+3).
   It greatly protects you from fire.
 C - a +4 broad axe of flaming
   (You took it off Maggie on level 6 of the Dungeon)
Missiles
 n - 8 silver boomerangs (quivered)
 y - 73 poisoned darts
 N - 6 curare-tipped darts {!f}
Armour
 b - a +0 tower shield (worn)
   (You took it off Louise on level 14 of the Dungeon)
 f - a +2 pair of gloves (worn)
   (You found it on level 15 of the Dungeon)
 h - a +2 cloak (worn)
   (You found it on level 4 of the Dungeon)
 J - the +0 pair of boots of the Sturgeon (worn) {MR+ Str+4 Slay+5}
   (You bought it in a shop on level 2 of the Snake Pit)

   It affects your strength (+4).
   It affects your accuracy and damage with ranged weapons and melee attacks
   (+5).
   It affects your resistance to hostile enchantments.
 T - a +2 hat of magic resistance (worn)
   (You took it off Gastronok on level 12 of the Dungeon)
Jewellery
 e - an amulet of regeneration (around neck)
   (You found it on level 4 of the Dungeon)
 w - a ring of positive energy (left hand)
   (You found it on level 2 of the Snake Pit)
 z - an uncursed ring of see invisible
   (You found it on level 8 of the Dungeon)
 V - a ring of ice (right hand)
   (You found it on level 14 of the Dungeon)
 X - an uncursed ring of resist corrosion
   (You found it on level 14 of the Dungeon)
Wands
 c - a wand of enslavement (33)
 d - a wand of iceblast (37)
   (You found it on level 5 of the Dungeon)
 t - a wand of flame (39)
 u - a wand of paralysis (17)
   (You found it on level 5 of the Lair of Beasts)
 v - a wand of digging (17)
   (You found it on level 8 of the Dungeon)
 x - a wand of acid (13)
   (You found it on level 5 of the Dungeon)
 H - a wand of polymorph (23)
   (You took it off Ijyb on level 4 of the Dungeon)
Scrolls
 i - 12 scrolls of identify {@r1}
 j - 11 scrolls of remove curse {@r2}
 m - 7 scrolls of fear
 q - 9 scrolls of fog
 s - 14 scrolls of teleportation {@r4}
 B - a scroll of immolation {!r}
 G - 2 scrolls of silence
 Q - 2 scrolls of blinking
 S - 2 scrolls of magic mapping
Potions
 a - 9 potions of heal wounds {@q2}
 g - 3 potions of lignification {!q}
 k - 2 potions of invisibility
 l - a potion of ambrosia
 o - 9 potions of curing {@q1}
 p - 6 potions of might
 r - 5 potions of magic
 D - 7 potions of brilliance
 E - 5 potions of cancellation
 F - 3 potions of haste {@q3}
 K - 5 potions of resistance
 L - 3 potions of flight
 M - 6 potions of berserk rage
 P - 2 potions of mutation {!q}
Miscellaneous
 I - a tin of tremorstones (2/2)
   (You bought it in a shop on level 10 of the Dungeon)


   Skills:
 * Level 15.0 Fighting
 * Level 14.1(14.2) Axes
   Level 2.2(9.7) Polearms
 * Level 12.2 Dodging
 - Level 0.8 Stealth
 * Level 7.4 Shields
 + Level 6.2 Spellcasting
 + Level 9.5 Conjurations
 + Level 15.1 Fire Magic
 * Level 11.3 Invocations
 + Level 5.9 Evocations


You had 13 spell levels left.
You knew the following spells:

 Your Spells              Type           Power        Failure   Level
a - Starburst             Conj/Fire      #####.....   82%         6
q - Sticky Flame          Conj/Fire      #####...     10%         4
x - Fireball              Conj/Fire      #####.....   26%         5

Your spell library contained the following spells:

 Spells                   Type           Power        Failure   Level
 Foxfire                  Conj/Fire      ####         1%          1
 Conjure Flame            Conj/Fire      #####...     2%          3
 Magic Dart               Conj           ####         3%          1
 Inner Flame              Hex/Fire       ####....     21%         3
 Ignite Poison            Fire/Tmut/Pois ###.....     50%         3
 Mephitic Cloud           Conj/Pois/Air  ##......     77%         3
 Animate Skeleton         Necr           #.....       83%         1
 Apportation              Tloc           #.....       83%         1
 Corona                   Hex            #......      83%         1
 Freeze                   Ice            #...         83%         1
 Summon Small Mammal      Summ           #...         83%         1
 Hailstorm                Conj/Ice       ####....     91%         4
 Blink                    Tloc           N/A          92%         2
 Call Imp                 Summ           #.......     92%         2
 Ensorcelled Hibernation  Hex/Ice        #.....       92%         2
 Slow                     Hex            #.......     92%         2
 Confusing Touch          Hex            #.......     99%         3
 Frozen Ramparts          Ice            #.....       99%         3
 Gell's Gravitas          Tloc           #.........   99%         3
 Ozocubu's Armour         Ice            #.......     99%         3
 Petrify                  Tmut/Erth      #.......     100%        4
 Summon Ice Beast         Ice/Summ       #.......     100%        4
 Borgnjor's Vile Clutch   Necr/Erth      #.........   100%        5
 Metabolic Englaciation   Hex/Ice        #.........   100%        5
 Silence                  Hex/Air        #.........   100%        5
 Yara's Violent Unravell  Hex/Tmut       #.........   100%        5
 Shadow Creatures         Summ           N/A          100%        6
 Ignition                 Fire           #####.....   100%        8


Dungeon Overview and Level Annotations

Branches:
Dungeon (15/15)            Temple (1/1) D:7            Lair (5/6) D:9
  Swamp (1/4) Lair:4        Snake (4/4) Lair:4        Slime (0/5) Lair:5
    Orc (2/2) D:11            Elf (0/3) Orc:2        Vaults (0/5) D:14
 Depths (0/5) D:15          Sewer (visited)         Volcano (visited)

Altars:
Ashenzari
Cheibriados
Dithmenos
Elyvilon
Fedhas
Gozag
Hepliaklqana
Kikubaaqudgha
Makhleb
Nemelex Xobeh
Okawaru
Qazlal
Ru
Sif Muna
Trog
Uskayaw
Vehumet
Wu Jian
Xom
Yredelemnul
Zin
The Shining One
Beogh

Shops:
D:4 :   D:9 (*   D:10 *   D:12 [   D:15 ?   Orc:2 [:}[:   Snake:2 [*
Snake:3 }   Snake:4 *=??

Portals:
Trove: D:11 (give 2 scrolls of acquirement)

Annotations:
Swamp:1 Jorgrun, Nikola


Innate Abilities, Weirdness & Mutations

You can breathe blasts of fire.
Your fiery red scales are hard. (AC +9)
You cannot fit into any form of body armour.
Your flesh is heat resistant. (rF+)
You are cold-blooded and may be slowed by cold attacks.


Message History

You barely miss the bog body.
Your tail-slap misses the bog body.
The sentinel's mark upon you fades away.
Jorgrun hits the briar patch with a +0 vorpal quarterstaff!
* * * LOW HITPOINT WARNING * * *
The grasping roots constrict you! The bog body touches your ghoul.
The bog body freezes your ghoul!
Your ghoul resists.
The bog body completely misses you.
Your ghoul claws the bog body!! x2
The bog body is destroyed!
Yredelemnul accepts your kill.
Your ghoul claws the bog body.
The bog body is destroyed!
Yredelemnul accepts your kill.
Your Fighting skill increases to level 15!
Aim: Nikola, wielding a +1 rapier of electrocution, wearing a +0 cloak and wearing a +0 pair of gloves (lightly wounded)
You breathe a blast of fire!
The fiery breath hits Nikola!
Jorgrun hits the briar patch with a +0 vorpal quarterstaff!
The briar patch is destroyed!
* * * LOW HITPOINT WARNING * * *
The grasping roots constrict you!
Your ghoul claws Nikola! x2
You don't have enough magic at the moment.
The roots' grasp on you weakens, but your attempt to escape fails.
The bog body barely misses you.
* * * LOW HITPOINT WARNING * * *
The grasping roots constrict you!
Nikola is engulfed in blazing flames.
Nikola splashes around in the water.
Your ghoul claws Nikola.
Your ghoul closely misses Nikola.
You escape the roots' grasp.
The briar patch crumbles away. x2
Your ghoul claws Nikola.
Your ghoul claws Nikola! x2
Your ghoul claws Nikola!!
Nikola is engulfed in blazing flames.
Nikola hits your ghoul with a +1 rapier of electrocution!!
Lightning courses through your ghoul!
Things that are here:
a +0 quarterstaff; a +0 robe Unknown command.
You swap places.
Your ghoul is engulfed in a cloud of scalding steam.
Your ghoul splashes around in the water.
Your ghoul claws Nikola!
Your ghoul claws the bog body!!
Your ghoul claws the bog body.
Nikola is engulfed in blazing flames.
Nikola casts a spell.
You hear a mighty clap of thunder!
The lightning arc hits your ghoul!!
The lightning arc hits the bog body!!!
The bog body is destroyed!
The lightning arc hits you!!
* * * LOW HITPOINT WARNING * * *
The lightning arc hits your ghoul!
The lightning arc hits Nikola.
The lightning arc hits you!!
You die...
Your body rises from the dead as a mindless zombie.

.♣.≈≈.≈≈♣♣.≈♣
≈.≈≈≈≈≈.♣≈..♣ ♣.
♣.≈≈≈§......♣♣§.
♣....≈§.≈.≈♣≈.≈
♣♣...≈≈≈.....≈≈≈
♣♣≈.≈§..≈≈≈≈≈≈PP≈
♣..≈≈≈≈≈≈@≈≈≈≈≈P≈
♣.≈≈≈≈≈.@n≈≈≈≈P≈≈
≈.....))n††§≈gPP.
♣..♣≈.)†≈.≈...≈≈
...♣♣♣...)...PP≈
♣≈♣≈..≈....PP. ♣♣
♣♣.....≈...♣.P♣
♣.≈♣.≈≈≈≈≈≈≈.≈....
≈..≈.≈≈≈≈.≈..♣♣♣≈.
.....≈≈≈..≈..♣


You could see Nikola, Jorgrun and 2 friendly ghouls.

Vanquished Creatures
  Gastronok (D:12)
  A thorn hunter (Swamp:1)
  3 nagarajas (Snake:4)
  Donald (Snake:1)
  Louise (D:14)
  Aizul (Snake:3)
  A bunyip (Swamp:1)
  An eleionoma (Swamp:1)
  A fire dragon (Volcano)
  A great orb of eyes (D:8)
  A yaktaur captain (D:15)
  8 naga warriors
  2 vault guards (D:14)
  2 boulder beetles
  9 anacondas
  2 ghost crabs (Swamp:1)
  2 centaur warriors
  5 hydras
  5 two-headed ogres
  3 alligators (Swamp:1)
  3 orc high priests (Orc:2)
  10 naga sharpshooters
  Sonja (Lair:1)
  3 shock serpents
  2 skeletal warriors (D:15)
  2 salamander mystics (Snake:3)
  5 unseen horrors
  2 spriggan druids (Swamp:1)
  10 sea snakes
  3 naga ritualists
  3 wizards (D:14)
  9 orc knights
  A lindwurm (Snake:4)
  An orc sorcerer (Orc:2)
  A deep elf mage (D:13)
  3 oklob plants
  4 mana vipers
  9 salamanders
  4 centaur zombies
  6 guardian serpents
  4 cyclopes
  2 elephants (Lair:3)
  32 black mambas
  7 cane toads
  13 naga magi
  2 gargoyles
  Maggie (D:6)
  8 komodo dragons
  3 rime drakes
  2 yaktaurs (D:15)
  4 trolls
  2 meliai
  3 tyrant leeches (Swamp:1)
  6 dream sheep (Lair:5)
  2 hornets
  4 blink frogs (Lair:3)
  9 slime creatures
  A spriggan (Swamp:1)
  A shadow (D:10)
  12 wyverns
  A wraith (D:15)
  24 yaks
  A basilisk (Lair:1)
  20 humans (D:14)
  8 fire bats
  10 vampire mosquitoes
  7 swamp worms
  Menkaure (D:4)
  7 wargs
  30 nagas
  A soldier ant (D:13)
  10 water moccasins
  2 black bears
  3 ice beasts
  27 orc warriors
  A phantom (D:4)
  2 sky beasts
  2 necrophages
  14 ogres
  6 centaurs
  2 eyes of draining
  3 big kobolds
  16 bullfrogs
  5 scorpions
  A wyvern skeleton (D:8)
  10 killer bees
  5 wights
  2 howler monkeys (D:6)
  4 electric eels
  3 quasits
  3 bullfrog zombies
  5 hounds
  24 orc priests
  4 jellies
  20 orc wizards
  2 centaur skeletons
  An iguana (D:9)
  Ijyb (D:4)
  13 worker ants
  A hell rat (Lair:3)
  2 worker ant zombies
  27 adders
  6 river rats (Sewer)
  2 shadow imps (D:8)
  3 oozes (Sewer)
  3 ufetubi
  2 adder zombies
  4 worms
  A dart slug (D:2)
  10 leopard geckos
  92 orcs
  15 ball pythons
  9 giant cockroaches
  8 hobgoblins
  7 jackals
  4 quokkas
  9 bats
  8 frilled lizards
  15 goblins
  21 kobolds
  A leopard gecko skeleton (D:5)
  28 rats
830 creatures vanquished.

Vanquished Creatures (collateral kills)
  Vashnia (Snake:3)
  3 nagarajas (Snake:4)
  A hydra (Lair:4)
  A catoblepas (D:14)
  11 naga warriors
  2 two-headed ogres
  8 anacondas (Snake:4)
  4 naga sharpshooters
  5 shock serpents (Snake:4)
  2 orc high priests (Orc:2)
  A goliath frog (Swamp:1)
  4 skeletal warriors (D:15)
  5 salamander mystics (Snake:4)
  3 bog bodies (Swamp:1)
  5 naga ritualists
  An unseen horror (D:11)
  3 lindwurms (Snake:4)
  An orc sorcerer (D:14)
  8 mana vipers
  5 salamanders
  2 manticores
  An elephant (Lair:3)
  15 black mambas
  5 guardian serpents
  A cyclops (D:12)
  15 naga magi
  4 cane toads
  A rime drake (Lair:4)
  A komodo dragon (shapeshifter) (D:15)
  A komodo dragon (Lair:4)
  A hornet (Swamp:1)
  2 trolls
  A meliai (D:14)
  7 slime creatures
  A blink frog (Lair:3)
  2 spriggans (Swamp:1)
  A wyvern (D:13)
  A vampire (D:12)
  A wraith (D:13)
  13 yaks
  A fire bat (Lair:2)
  4 vampire mosquitoes
  A basilisk (Lair:1)
  22 nagas
  10 wargs
  A swamp worm (Lair:4)
  5 water moccasins
  10 orc warriors
  A necrophage (D:7)
  A killer bee (D:8)
  4 ogres
  A centaur (D:13)
  4 bullfrogs
  A scorpion (D:7)
  4 wights
  2 electric eels
  2 hounds
  7 orc priests
  4 orc wizards
  A centaur skeleton (D:9)
  5 hell rats (Lair:3)
  2 worker ants
  A worker ant zombie (D:8)
  A white imp (D:10)
  22 orcs
  2 jackals
  A ball python (Lair:4)
  A bush (D:8)
271 creatures vanquished.

Vanquished Creatures (others)
  An alligator (Swamp:1)
  A flayed ghost (D:14)
  A skeletal warrior (Snake:1)
  A bog body (Swamp:1)
  6 phantasmal warriors
  A salamander (Snake:3)
  6 flying skulls
  2 wraiths
  A vampire (Lair:4)
  A killer bee (D:8)
  An ogre (D:7)
  A centaur (D:7)
  2 wights
  A hound (D:7)
  2 orc wizards (D:7)
  2 orcs (D:14)
  A kobold (D:7)
  2 briar patches (Swamp:1)
  20 fungi
  62 plants
115 creatures vanquished.

Grand Total: 1216 creatures vanquished

Notes
Turn   | Place    | Note
-------+----------+-------------------------------------------
     0 | D:1      | MalarOregon the Draconian Artificer began the quest for the
                  | Orb.
     0 | D:1      | Reached XP level 1. HP: 16/16 MP: 1/1
   841 | D:1      | Reached XP level 2. HP: 24/24 MP: 2/2
  1361 | D:2      | Found a basalt altar of Yredelemnul.
  1386 | D:2      | Became a worshipper of Yredelemnul the Dark
  1551 | D:2      | Reached XP level 3. HP: 30/30 MP: 3/3
  2114 | D:2      | Reached XP level 4. HP: 31/40 MP: 4/4
  2711 | D:3      | Found a glowing drain.
  2778 | Sewer    | Entered a sewer
  2915 | Sewer    | Reached * piety under Yredelemnul
  3148 | Sewer    | Reached XP level 5. HP: 35/47 MP: 5/5
  4090 | Sewer    | Reached skill level 5 in Fighting
  4245 | Sewer    | Reached XP level 6. HP: 56/56 MP: 6/6
  4249 | Sewer    | Reached ** piety under Yredelemnul
  4478 | D:3      | Found a hazy altar of Hepliaklqana.
  5654 | D:4      | Noticed Menkaure
  5658 | D:4      | Killed Menkaure
  5658 | D:4      | Your scales start taking on a fiery red colour.
  5658 | D:4      | Reached XP level 7. HP: 59/64 MP: 7/7
  5658 | D:4      | Gained mutation: Your flesh is heat resistant. (rF+) [Red
                  | Draconian growth]
  5723 | D:4      | Found an opulent altar of Gozag.
  5913 | D:4      | Found Guluun's Book Boutique.
  6038 | D:4      | Found a sacrificial altar of Ru.
  6063 | D:4      | Noticed Ijyb
  6126 | D:4      | Got a glimmering mace
  6353 | D:5      | Entered Level 5 of the Dungeon
  6354 | D:5      | Identified the +4 mace of Panaokk {vorpal, *Corrode MP+9
                  | Str+4 Stlth+} (You found it on level 4 of the Dungeon)
  6360 | D:5      | Reached XP level 8. HP: 73/73 MP: 8/8
  6561 | D:5      | Reached *** piety under Yredelemnul
  6685 | D:5      | Found a burning altar of Makhleb.
  6799 | D:5      | Reached skill level 5 in Dodging
  6881 | D:5      | Found a radiant altar of Vehumet.
  6927 | D:5      | Reached XP level 9. HP: 81/81 MP: 9/9
  7060 | D:5      | Found a broken altar of Ashenzari.
  7752 | D:6      | Noticed Maggie
  7770 | D:6      | Killed Maggie
  8104 | D:6      | Found a shimmering altar of Xom.
  8812 | D:6      | Received a gift from Yredelemnul (a mummy)
  9315 | D:7      | Reached **** piety under Yredelemnul
  9415 | D:7      | Found a shimmering altar of Xom.
  9603 | D:7      | Found a staircase to the Ecumenical Temple.
  9624 | Temple   | Entered the Ecumenical Temple
 10059 | D:8      | Got a brightly glowing war axe
 10064 | D:8      | Identified the +10 war axe of Moral Flaws {venom, rF++
                  | Str+3} (You found it on level 8 of the Dungeon)
 10095 | D:8      | Reached skill level 1 in Polearms
 10101 | D:8      | Reached XP level 10. HP: 40/92 MP: 10/10
 10311 | D:8      | Reached skill level 10 in Fighting
 10490 | D:4      | Bought a book of Flames for 350 gold pieces
 10495 | D:4      | Learned a level 4 spell: Sticky Flame
 10501 | D:4      | Learned a level 5 spell: Fireball
 10661 | D:4      | Killed Ijyb
 11157 | D:9      | Found Jidac's General Store.
 11166 | D:9      | Found Sunoll's Weapon Boutique.
 11217 | D:9      | Found a shimmering blue altar of Sif Muna.
 11281 | D:9      | Reached skill level 1 in Axes
 11294 | D:9      | Reached skill level 1 in Spellcasting
 11294 | D:9      | Reached skill level 1 in Conjurations
 11294 | D:9      | Reached skill level 1 in Invocations
 11510 | D:8      | Noticed a cyclops
 11510 | D:8      | Noticed a great orb of eyes
 11529 | D:8      | Killed a cyclops
 11601 | D:8      | Paralysed by a great orb of eyes for 4 turns
 11606 | D:8      | Paralysed by a great orb of eyes for 5 turns
 11612 | D:8      | Killed a great orb of eyes
 11732 | D:8      | Received a gift from Yredelemnul (2 flying skulls)
 11989 | D:8      | Reached ***** piety under Yredelemnul
 12219 | D:9      | Bought a potion of brilliance for 48 gold pieces
 12219 | D:9      | Bought a wand of enslavement (14) for 192 gold pieces
 12219 | D:9      | Bought a scroll of identify for 24 gold pieces
 12219 | D:9      | Bought a scroll of teleportation for 36 gold pieces
 12236 | D:9      | Found a stormy altar of Qazlal.
 12410 | D:9      | Reached XP level 11. HP: 93/98 MP: 14/14
 12410 | D:9      | Received a gift from Yredelemnul (a wight)
 12654 | D:9      | Found a staircase to the Lair.
 12782 | D:9      | Found a glowing silver altar of Zin.
 12809 | D:10     | Entered Level 10 of the Dungeon
 12809 | D:10     | Found Lyell's Distillery.
 12814 | D:10     | Bought a potion of heal wounds for 70 gold pieces
 12814 | D:10     | Bought a potion of heal wounds for 70 gold pieces
 12814 | D:10     | Bought a potion of curing for 42 gold pieces
 12814 | D:10     | Bought a potion of degeneration for 14 gold pieces
 12814 | D:10     | Bought a potion of berserk rage for 70 gold pieces
 12871 | D:10     | Received a gift from Yredelemnul (a wraith)
 12876 | D:10     | Found Wacaxzoi's Elemental Accessories.
 13029 | D:10     | Noticed an unseen horror
 13036 | D:10     | Killed an unseen horror
 13156 | D:10     | Bought a potion of berserk rage for 70 gold pieces
 13163 | D:10     | Reached skill level 5 in Axes
 13568 | D:10     | Noticed an unseen horror
 13649 | D:10     | Killed an unseen horror
 13797 | D:10     | Received a gift from Yredelemnul (a wight)
 13873 | Lair:1   | Entered Level 1 of the Lair of Beasts
 14186 | Lair:1   | Noticed Sonja
 14206 | Lair:1   | Killed Sonja
 14697 | D:10     | Bought a potion of mutation for 112 gold pieces
 15067 | Lair:2   | Reached skill level 5 in Invocations
 15071 | Lair:2   | Reached skill level 5 in Conjurations
 15161 | Lair:2   | Found a dark tunnel.
 15173 | Volcano  | Entered a volcano
 15223 | Volcano  | Reached XP level 12. HP: 70/105 MP: 18/18
 15566 | Volcano  | Noticed a two-headed ogre
 15576 | Volcano  | Killed a two-headed ogre
 15697 | Volcano  | Noticed a two-headed ogre
 15702 | Volcano  | Received a gift from Yredelemnul (a wraith)
 15711 | Volcano  | Killed a two-headed ogre
 15842 | Volcano  | Noticed a fire dragon
 15842 | Volcano  | Noticed a two-headed ogre
 15879 | Volcano  | Killed a two-headed ogre
 16018 | Volcano  | Killed a fire dragon
 16441 | D:10     | Bought 2 potions of brilliance for 112 gold pieces
 17440 | Lair:3   | Received a gift from Yredelemnul (a vampire)
 17670 | Lair:3   | Received a gift from Yredelemnul (a wight)
 17969 | Lair:3   | Reached XP level 13. HP: 94/113 MP: 19/19
 18370 | Lair:4   | Found a staircase to the Snake Pit.
 18691 | Lair:4   | Reached skill level 10 in Axes
 18788 | Lair:4   | Received a gift from Yredelemnul (4 flying skulls)
 18948 | Lair:4   | Found a staircase to the Swamp.
 19801 | Lair:5   | Found a staircase to the Slime Pits.
 20095 | Lair:5   | Received a gift from Yredelemnul (a wraith)
 20333 | Lair:5   | Identified a scroll of acquirement
 20708 | Lair:5   | Acquired 884 gold pieces
 20859 | D:10     | Bought a wand of flame (21) for 138 gold pieces
 20859 | D:10     | Bought a tin of tremorstones (2/2) for 480 gold pieces
 20871 | D:10     | Bought a potion of haste for 140 gold pieces
 21114 | D:11     | Found a staircase to the Orcish Mines.
 21513 | D:11     | Found a portal to a secret trove of treasure.
 22018 | D:12     | Noticed Gastronok
 22028 | D:12     | Killed Gastronok
 22028 | D:12     | Received a gift from Yredelemnul (a phantasmal warrior)
 22403 | D:12     | Found Voxtoecy's Armour Boutique.
 22436 | D:12     | Received a gift from Yredelemnul (a phantasmal warrior)
 22585 | D:12     | Reached ****** piety under Yredelemnul
 23061 | D:13     | Received a gift from Yredelemnul (a wraith)
 23252 | D:13     | Reached XP level 14. HP: 125/125 MP: 20/20
 23482 | D:13     | Got an iridescent halberd
 23595 | D:14     | Received a gift from Yredelemnul (a flayed ghost)
 23598 | D:14     | Found a frozen archway.
 23929 | D:14     | Received a gift from Yredelemnul (a wraith)
 23934 | D:14     | Found a gate to the Vaults.
 23978 | D:14     | HP: 2/127 [catoblepas (18)]
 23981 | D:14     | Received a gift from Yredelemnul (a phantasmal warrior)
 24042 | D:14     | Noticed a brown very ugly thing
 24163 | D:14     | Reached skill level 10 in Dodging
 24203 | D:14     | Received a gift from Yredelemnul (a bone dragon)
 24421 | D:14     | Noticed Louise
 24434 | D:14     | Killed Louise
 24703 | D:14     | Received a gift from Yredelemnul (a skeletal warrior)
 25203 | D:14     | Identified the +9 halberd "Taihez" {freeze, rF+ rN+} (You
                  | found it on level 13 of the Dungeon)
 25258 | D:15     | Entered Level 15 of the Dungeon
 25525 | D:15     | Reached skill level 1 in Shields
 25728 | D:15     | Found a staircase to the Depths.
 26163 | D:15     | Received a gift from Yredelemnul (a vampire)
 26244 | D:15     | Found Laysoan's Magic Scroll Emporium.
 26252 | D:15     | Bought a scroll of blinking for 112 gold pieces
 26252 | D:15     | Bought a scroll of teleportation for 45 gold pieces
 26252 | D:15     | Bought a scroll of enchant armour for 112 gold pieces
 26252 | D:15     | Bought a scroll of enchant armour for 112 gold pieces
 26423 | D:15     | Reached XP level 15. HP: 101/136 MP: 21/21
 26967 | Orc:1    | Entered Level 1 of the Orcish Mines
 27050 | Orc:1    | Found a roughly hewn altar of Beogh.
 27053 | Orc:1    | Received a gift from Yredelemnul (a phantasmal warrior)
 27246 | Orc:2    | Entered Level 2 of the Orcish Mines
 27401 | Orc:2    | Found a staircase to the Elven Halls.
 27474 | Orc:2    | Found Ibofa's Antique Armour Shop.
 27826 | Orc:2    | Received a gift from Yredelemnul (a skeletal warrior)
 28001 | Orc:2    | Found Ibadun's Book Emporium.
 28004 | Orc:2    | Found Epupsam's Gadget Emporium.
 28005 | Orc:2    | Found Lats's Book Emporium.
 28006 | Orc:2    | Found Lytouzopp's Armour Shoppe.
 28009 | Orc:2    | Bought a book of Fire for 910 gold pieces
 28016 | Orc:2    | Learned a level 6 spell: Starburst
 28689 | Snake:1  | Entered Level 1 of the Snake Pit
 28765 | Snake:1  | Received a gift from Yredelemnul (a phantasmal warrior)
 29509 | Snake:1  | Noticed Donald
 29518 | Snake:1  | Killed Donald
 29550 | Snake:1  | Received a gift from Yredelemnul (a profane servitor)
 30139 | Snake:2  | Received a gift from Yredelemnul (a ghoul)
 30330 | Snake:2  | Found Riggamou's Antique Armour Shoppe.
 30375 | Snake:2  | Found Iloz's General Store.
 30434 | Snake:2  | Bought a pair of faintly humming boots for 275 gold pieces
 30434 | Snake:2  | Identified the cursed +0 pair of boots of the Sturgeon {MR+
                  | Str+4 Slay+5} (You bought it in a shop on level 2 of the
                  | Snake Pit)
 30463 | Snake:2  | Bought 2 potions of heal wounds for 190 gold pieces
 30499 | Snake:2  | Received a gift from Yredelemnul (a vampire)
 31523 | Snake:2  | Reached skill level 5 in Spellcasting
 31530 | Snake:2  | Received a gift from Yredelemnul (a vampire)
 31920 | Snake:3  | Reached XP level 16. HP: 145/145 MP: 23/23
 32002 | Snake:3  | Noticed Vashnia
 32004 | Snake:3  | Noticed Aizul
 32039 | Snake:3  | Killed Aizul
 32042 | Snake:3  | Reached skill level 5 in Shields
 32095 | Snake:3  | Reached skill level 10 in Invocations
 32105 | Snake:3  | Received a gift from Yredelemnul (a ghoul)
 32130 | Snake:3  | Killed Vashnia
 32483 | Snake:3  | Found Tapurphuu's Gadget Emporium.
 32844 | Snake:3  | Received a gift from Yredelemnul (a bone dragon)
 33108 | Snake:3  | Reached skill level 5 in Evocations
 33424 | Snake:4  | Entered Level 4 of the Snake Pit
 33446 | Snake:4  | Found Lyheded's Magic Scroll Emporium.
 33562 | Snake:4  | Bought a scroll of blinking for 142 gold pieces
 33567 | Snake:4  | Found Ycrovu's Magic Scroll Boutique.
 33575 | Snake:4  | Bought a scroll of teleportation for 42 gold pieces
 33604 | Snake:4  | Received a gift from Yredelemnul (a ghoul)
 33949 | Snake:4  | Found Yrchesaem's Assorted Antiques.
 33972 | Snake:4  | Found Asaaf's Jewellery Emporium.
 34359 | Snake:4  | Received a gift from Yredelemnul (a phantasmal warrior)
 34368 | Snake:4  | Reached XP level 17. HP: 62/154 MP: 13/25
 34718 | Snake:4  | Received a gift from Yredelemnul (a phantasmal warrior)
 34721 | Snake:4  | Reached skill level 15 in Fire Magic
 34854 | Snake:4  | Got a serpentine rune of Zot
 35384 | Swamp:1  | Entered Level 1 of the Swamp
 35779 | Swamp:1  | Noticed Nikola
 35784 | Swamp:1  | Received a gift from Yredelemnul (a ghoul)
 35787 | Swamp:1  | Noticed Jorgrun
 35793 | Swamp:1  | Reached skill level 15 in Fighting
 35797 | Swamp:1  | Killed from afar by Nikola

Illustrated notes

Levels and vault maps discovered:
D:1:      roderic_crop_circles_arrival_small, layout_basic
D:2:      layout_basic, old_standard_altar, minmay_diced_spiral
D:3:      layout_basic, lemuel_doored_altar, portal_sewer_entry_f
D:4:      layout_cave_pods, old_standard_altar, nicolae_ru_the_path_less_chosen,
          serial_shops, nicolae_shop_behind_doors, uniq_menkaure, uniq_ijyb
D:5:      layout_basic, vehumet_altar_wand_db, marbit_many_paths,
          ashenzari_altar_1, serial_glass, glass_columns_b, glass_columns_a,
          minmay_ogre_servants
D:6:      layout_layer_cave, basic_altar, minmay_crystal_water, uniq_maggie
D:7:      layout_loops_ring, minmay_temple_entry_trees, xom_confusion_cloud
D:8:      minmay_klotski, layout_basic
D:9:      layout_long_grid, lemuel_round_altar, lemuel_blue_sif_altar,
          overflow_temple_1_default, dpeg_oklobed_lair, serial_shops, shop,
          kennysheep_windowed_goal
D:10:     layout_basic, serial_shops, shop, minmay_misc_feat_room,
          nicolae_elemental_shop
D:11:     layout_irregular_city, orc_0_dummy, trove_entry_hex_spiral,
          st_stairs_14
D:12:     layout_stronghold, serial_shops, shop, uniq_gastronok
D:13:     layout_rooms
D:14:     lemuel_castle_with_subvaults [lemuel_castle_interior_carwin_1],
          layout_stronghold, grunt_vaults_entry_tiered, gauntlet_entry_generic,
          portal_ice_cave_rime, lemuel_statue_altar, minivault_12, uniq_louise
D:15:     grunt_enter_depths_snipers, layout_loops_corners,
          minmay_misc_feat_more_columns, serial_shops, shop, grunt_ministairs_11
Temple:   nicolae_temple_x_marks_the_god
Lair:1:   layout_roguey, st_stairs_7, grunt_megastairs_5,
          infiniplex_staircase_pool, uniq_sonja
Lair:2:   wander_river, layout_regular_city, nicolae_volcano_entry_batcave
Lair:3:   layout_misc_corridors, chequers_serial_rivers_micro_a,
          serial_bayou_shore_b
Lair:4:   layout_cave_pods, palyth_hydra_swamp_entry,
          minmay_snake_entry_six_corridors
Lair:5:   layout_roguey, minmay_slime_entry_oklob_enclosed, lemuel_fruit_tree
Swamp:1:  layout_basic_swamp, evilmike_swamp_ruin_house_3, uniq_jorgrun,
          uniq_nikola
Snake:1:  layout_cave_shapes, serial_bayou_lagoon_b, uniq_donald
Snake:2:  layout_chambers, grunt_megastairs_1, minmay_shoptagon
Snake:3:  layout_onion_interference, serial_shops, shop, nicolae_snake_springs,
          uniq_aizul, uniq_vashnia
Snake:4:  snake_pit_salamanders_mu, layout_cave_town, serial_shops,
          nicolae_shop_waterfront, shop_fountains, nicolae_shop_trees, shop,
          serial_bayou_pond_e
Orc:1:    layout_caves, mines2_david
Orc:2:    st_orc_pillars, layout_caves, serial_shops,
          nicolae_shop_window_shopping

Skill      XL: |  1  2  3  4  5  6  7  8  9 10 11 12 13 14 15 16 17 |
---------------+----------------------------------------------------+-----
Fighting       | 2 3 4 5 6 7 8 9 10 11 13 14 15 | 15.0
Dodging        | 3 4 5 6 7 9 10 11 12 | 12.2
Fire Magic     | 14 15 | 15.1
Polearms       | 1 2 |  2.2
Axes           | 3 6 9 11 12 13 14 | 14.1
Spellcasting   | 2 4 5 6 |  6.2
Conjurations   | 2 5 8 9 |  9.5
Invocations    | 2 5 8 9 10 11 | 11.3
Shields        | 1 4 6 7 |  7.4
Evocations     | 4 5 |  5.9
Stealth        | |  0.8

Action                   |  1- 3 |  4- 6 |  7- 9 | 10-12 | 13-15 | 16-18 || total
-------------------------+-------+-------+-------+-------+-------+-------++-------
Melee: Dagger            |   215 |   534 |    41 |       |       |       ||   790
       Club              |    22 |       |       |       |       |       ||    22
       Tailslap          |    27 |    69 |    34 |    84 |   235 |    69 ||   518
       Mace              |       |       |   209 |       |       |       ||   209
       Bardiche          |       |       |    27 |    17 |       |       ||    44
       War axe           |       |       |       |   454 |   953 |   348 ||  1755
       Broad axe         |       |       |       |       |   110 |    32 ||   142
Throw: Stone             |    58 |    95 |     2 |       |       |       ||   155
       Dart              |       |       |    35 |    25 |       |       ||    60
       Boomerang         |       |       |     4 |     9 |       |       ||    13
 Cast: Sticky Flame      |       |       |       |     1 |     2 |       ||     3
       Fireball          |       |       |       |       |     4 |       ||     4
Invok: Recall Undead Sla |       |       |     1 |       |     1 |       ||     2
       Enslave Soul      |       |       |       |     1 |     1 |       ||     2
       Drain Life        |       |       |       |       |    10 |    17 ||    27
 Abil: Breathe Fire      |       |       |    10 |    19 |     7 |     7 ||    43
Evoke: Wand              |       |     3 |     1 |     2 |     9 |       ||    15
  Use: Potion            |     1 |     4 |     1 |     2 |     4 |     1 ||    13
       Scroll            |       |     9 |    14 |     9 |    21 |     1 ||    54
 Stab: Distracted        |     1 |     1 |       |     5 |    15 |     7 ||    29
       Sleeping          |     1 |       |     6 |     3 |    14 |     2 ||    26
       Paralysed         |       |       |       |       |     4 |       ||     4
       Petrified         |       |       |       |       |     1 |       ||     1
       Invisible         |       |       |       |       |     2 |       ||     2
Armor: Skin              |    51 |   145 |   105 |   137 |   236 |   110 ||   784
Dodge: Dodged            |   119 |   340 |   259 |   463 |   825 |   241 ||  2247
Block: Tower shield      |       |       |       |       |   301 |   351 ||   652
       Buckler           |       |       |       |       |     9 |       ||     9

Table legend: (Time is in decaauts)
 A = Elapsed time spent in this place.
 B = Non-inter-level travel time spent in this place.
 C = Inter-level travel time spent in this place.
 D = Time resting spent in this place.
 E = Time spent auto-exploring this place.
 F = Levels seen in this place.
 G = Mean time per level.
                   A        B        C        D        E       F      G
               +--------+--------+--------+--------+--------+-----+--------+
         Total |  35946 |  33074 |   2872 |   4739 |  21434 |  30 | 1198.2 |
       Dungeon |  18698 |  16589 |   2109 |   1912 |  10954 |  15 | 1246.5 |
        Temple |     58 |     51 |      7 |      0 |     50 |   1 |   58.0 |
          Lair |   6055 |   5530 |    525 |   1105 |   3635 |   5 | 1211.0 |
         Swamp |    261 |    261 |      0 |      0 |    141 |   1 |  261.0 |
     Snake Pit |   6498 |   6358 |    140 |    452 |   4677 |   4 | 1624.5 |
  Orcish Mines |   1581 |   1490 |     91 |     31 |   1112 |   2 |  790.5 |
         Sewer |   1638 |   1638 |      0 |    722 |    455 |   1 | 1638.0 |
       Volcano |   1155 |   1155 |      0 |    516 |    409 |   1 | 1155.0 |
               +--------+--------+--------+--------+--------+-----+--------+

Top non-repeatable levels by time:
 Snake:2: 1918 daAuts
 Snake:4: 1832 daAuts
  Lair:4: 1662 daAuts
    D:15: 1647 daAuts
   Sewer: 1638 daAuts
 Snake:3: 1589 daAuts
    D:14: 1496 daAuts
     D:6: 1490 daAuts
     D:9: 1403 daAuts
     D:5: 1365 daAuts
     D:1: 1333 daAuts
     D:2: 1277 daAuts
     D:8: 1240 daAuts
     D:3: 1235 daAuts
  Lair:1: 1215 daAuts
